 Dungeon Crawl Stone Soup version 0.31-a0-948-gf5be29c462 (webtiles) character file.

Game seed: 14293194768482124815

9699 Bnni the Spear-Bearer (level 11, -2/102 HPs)
             Began as a Hill Orc Monk on Oct 20, 2023.
             Was a High Priest of Beogh.
             Slain by a centaur warrior simulacrum (29 damage)
             ... on level 10 of the Dungeon on Oct 21, 2023.
             The game lasted 00:19:22 (10021 turns).

Bnni the Spear-Bearer (Hill Orc Monk)              Turns: 10021, Time: 00:19:23

Health: -2/102     AC: 24    Str: 19    XL:     11   Next: 50%
Magic:  18/18      EV:  6    Int: 10    God:    Beogh [*****.]
Gold:   401        SH:  0    Dex: 13    Spells: 10/10 levels left

rFire   . . .        H - +0 trident (venom)
rCold   . . .        d - orb {light}
rNeg    . . .        o - +0 plate armour
rPois   .            L - +0 hat
rElec   .            M - +0 cloak
rCorr   .            (no gloves)
SInv    .            O - +2 pair of boots
Will    .....        l - amulet of faith Stlth
                     e - +4 ring of protection
HPRegen 0.37/turn    I - +4 ring of protection
MPRegen 0.16/turn

%: faith
@: glowing
A: walk on water
a: Renounce Religion, Smiting, Recall Orcish Followers, Give Item to Named
Follower


You were on level 10 of the Dungeon.
You worshipped Beogh.
Beogh was extremely pleased with you.
You visited 1 branch of the dungeon, and saw 10 of its levels.
You also visited: Ossuary.

You collected 511 gold pieces.
You spent 110 gold pieces at shops.

Inventory:

Hand Weapons
 H - a +0 trident of venom (weapon)
Missiles
 v - 3 boomerangs
 w - 23 poisoned darts
Armour
 d - an orb of light (worn)
 o - a +0 plate armour (worn)
 K - a +0 kite shield
 L - a +0 hat (worn)
 M - a +0 cloak (worn)
 O - a +2 pair of boots (worn)
Jewellery
 e - a +4 ring of protection (left hand)
 l - an amulet of faith (around neck)
 q - a ring of willpower
 r - an amulet of guardian spirit
 I - a +4 ring of protection (right hand)
Wands
 s - a wand of flame (31)
 u - a wand of paralysis (6)
 N - a wand of polymorph (8)
 Q - a wand of roots (11)
Scrolls
 f - a scroll of brand weapon {unknown}
 g - 2 scrolls of blinking {unknown}
 j - a scroll of summoning {unknown}
 k - 3 scrolls of teleportation
 m - 3 scrolls of vulnerability
 p - 3 scrolls of revelation
 x - 2 scrolls of amnesia
 y - 5 scrolls of noise {unknown}
 A - 3 scrolls of fog {unknown}
 G - a scroll of immolation
Potions
 a - a potion of magic {unknown}
 b - 4 potions of degeneration {unknown}
 c - 3 potions of ambrosia
 h - 3 potions of attraction {unknown}
 i - 10 potions of curing
 n - 3 potions of haste {unknown}
 t - a potion of invisibility {unknown}
 z - 4 potions of heal wounds
 B - 2 potions of lignification {unknown}
 C - 4 potions of brilliance {unknown}
 D - a potion of might {unknown}
 E - 3 potions of mutation {unknown}
 F - 4 potions of enlightenment {unknown}
 J - 2 potions of berserk rage {unknown}


   Skills:
 + Level 11.0 Fighting
 * Level 13.7 Polearms
 + Level 4.3 Armour
 - Level 2.4 Dodging
 + Level 4.1 Shields
 + Level 9.6 Invocations


You had 10 spell levels left.
You didn't know any spells.
Your spell library contained the following spells:

 Spells                   Type           Power      Damage    Failure   Level
 Apportation              Tloc           0%         N/A       100%        1
 Freeze                   Ice            0%         1d3       100%        1
 Necrotise                Necr           0%         1d4       100%        1
 Summon Small Mammal      Summ           0%         N/A       100%        1
 Ensorcelled Hibernation  Hex/Ice        0%         N/A       100%        2
 Jinxbite                 Hex            0%         N/A       100%        2
 Passwall                 Tmut/Erth      0%         N/A       100%        2
 Poisonous Vapours        Pois/Air       0%         N/A       100%        2
 Dazzling Flash           Conj/Hex       0%         N/A       100%        3
 Frozen Ramparts          Ice            0%         1d1       100%        3
 Hailstorm                Conj/Ice       0%         3d3       100%        3
 Mephitic Cloud           Conj/Pois/Air  0%         N/A       100%        3
 Swiftness                Air            0%         N/A       100%        3
 Anguish                  Hex/Necr       0%         N/A       100%        4
 Animate Armour           Summ/Erth      0%         N/A       100%        4
 Cause Fear               Hex            0%         N/A       100%        4
 Summon Lightning Spire   Summ/Air       0%         N/A       100%        4
 Agony                    Necr           0%         N/A       100%        5
 Alistair's Intoxication  Tmut/Pois      0%         N/A       100%        5
 Freezing Cloud           Conj/Ice/Air   0%         6-21      100%        5
 Lee's Rapid Deconstruct  Erth           0%         3d4*      100%        5
 Silence                  Hex/Air        0%         N/A       100%        5
 Enfeeble                 Hex            0%         N/A       100%        7


Dungeon Overview and Level Annotations

Branches:
Dungeon (10/15)            Temple (0/1) D:4            Lair (0/5) D:10
Ossuary (visited)
    Orc: D:9-12

Altars:
Gozag
Makhleb
Qazlal
Yredelemnul
The Shining One

Shops:
D:1 !


Message History

Beogh accepts your kill.
The white imp disappears for a moment.
The white imp barely misses you.
Your orc priest looks encouraged for a moment.
Your neqoxec hits the white imp but does no damage.
You puncture the white imp!
The white imp looks as sick as possible!
The white imp is severely wounded.
You feel sick.
Thorok hits the white imp from afar with a +2 trident of freezing!
The white imp dies!
Beogh accepts your kill.
You feel very sick.
The centaur warrior simulacrum hits you.
The centaur warrior simulacrum freezes you!
The centaur warrior simulacrum kicks you but does no damage.
The centaur warrior simulacrum hits you.
The centaur warrior simulacrum freezes you!!
* * * LOW HITPOINT WARNING * * *
The centaur warrior simulacrum kicks you but does no damage.
There is an open translucent gate here.
Unknown command.
You feel better.
The centaur warrior simulacrum completely misses you.
The centaur warrior simulacrum kicks you but does no damage.
Worak no longer looks unusually strong.
Your neqoxec hits the centaur warrior simulacrum!
Worak hits the centaur warrior simulacrum with a +3 dagger.
Your orange demon stings the centaur warrior simulacrum from afar!
Thorok roars a battlecry!
Worak goes into a battle-frenzy!
You hit the centaur warrior simulacrum.
The centaur warrior simulacrum is almost destroyed.
Your orc priest no longer looks unusually strong.
Your orc no longer looks unusually strong.
The centaur warrior simulacrum barely misses you.
The centaur warrior simulacrum kicks you.
* * * LOW HITPOINT WARNING * * *
The centaur warrior simulacrum freezes you!!
You die...

.........#..# ..=...#..#.o.).....
..####...#..# ...$.##..#.o.......
.)).##..o##..##:$###...#o........
..)..#....#...####....##.........
..........##..........#o.........
....)......#.........##o.........
.........oo##./3....##oo#######..
.....#..##oo###Z''###..#......#..
....##..###oooo.@......#......#..
..####..# ###4#####....#......#..
.#...#..# ##.# #o...#......#..
.#...#..# #..# #o...#......#..
.#####..####.######....######+#..
.................................
##############...................
#........######..... #........#
#.....


You could see a centaur warrior simulacrum (ally target), the friendly Thorok
the orc knight, a friendly orange demon (summoned), a friendly neqoxec
(summoned), the friendly Worak the orc sorcerer (strong), a friendly orc warrior
(strong), 2 friendly orc priests and a friendly orc.

Vanquished Creatures
  A centaur warrior (D:8)
  A two-headed ogre (D:9)
  A hornet (D:8)
  A troll (D:9)
  A vampire (D:10)
  2 shadows (D:9)
  10 yaks
  2 steam dragons (D:7)
  A warg (D:10)
  An acid dragon (D:10)
  A water moccasin (D:7)
  2 ice beasts
  An orc warrior (D:7)
  2 sky beasts
  2 ogres
  2 centaurs
  3 phantoms
  A kobold brigand (D:7)
  7 bullfrogs
  A gnoll sergeant (D:7)
  3 water moccasin zombies (Ossuary)
  4 scorpions (D:5)
  8 wights
  4 killer bees (D:9)
  A quasit (D:6)
  A jelly (D:7)
  A gnoll bouda (D:10)
  5 hounds
  3 iguanas
  2 orc wizards
  2 mummies (Ossuary)
  5 gnolls (D:7)
  8 adders
  4 shadow imps
  A white imp (D:5)
  5 adder zombies (Ossuary)
  A worm (D:3)
  5 dart slugs
  9 orcs
  6 endoplasms
  2 giant cockroaches (D:2)
  4 gnoll zombies (Ossuary)
  6 goblins
  11 hobgoblins
  8 quokkas
  10 ball pythons
  4 bats
  4 frilled lizards
  A goblin skeleton (D:6)
  A goblin zombie (D:6)
  9 hobgoblin zombies
  20 kobolds
  2 kobold skeletons (D:6)
  5 kobold zombies
  2 orc skeletons (D:6)
  6 orc zombies
  3 rats
219 creatures vanquished.

Vanquished Creatures (collateral kills)
  The ghost of confidenceinterval the Cleaver, a journeyman MiFi of Yredelemnul (D:10)
  The ghost of Pixllover the Cleaver, a novice HOMo of Yredelemnul (D:9)
  A gargoyle (D:10)
  A kobold demonologist (D:10)
  A troll (D:10)
  A meliai (D:9)
  A queen bee (D:9)
  2 yaks (D:9)
  An unseen horror simulacrum (D:10)
  A warg (D:10)
  2 ice beasts (D:10)
  A centaur (D:10)
  2 kobold brigands (D:8)
  3 killer bees (D:9)
  An orc priest (D:10)
  4 orc wizards
  4 gnolls (D:10)
  A white imp (D:10)
  An orc (D:9)
  7 kobolds
37 creatures vanquished.

Vanquished Creatures (others)
  An orc warrior (D:9)
  An orc wizard (D:9)
  An orc priest (D:10)
  6 orcs
  A giant cockroach (D:4)
  A kobold (D:4)
11 creatures vanquished.

Grand Total: 267 creatures vanquished

Notes
Turn   | Place    | Note
-------+----------+-------------------------------------------
     0 | D:1      | Bnni the Hill Orc Monk began the quest for the Orb.
     0 | D:1      | Reached XP level 1. HP: 19/19 MP: 1/1
    76 | D:1      | Found Fyvalef's Distillery.
   228 | D:1      | Reached XP level 2. HP: 27/27 MP: 2/2
   299 | D:1      | Found a faded altar of an unknown god.
   456 | D:1      | Reached skill level 4 in Polearms
   845 | D:1      | Bought a potion of curing for 30 gold pieces
   881 | D:2      | Reached XP level 3. HP: 33/33 MP: 3/3
  1636 | D:3      | Reached XP level 4. HP: 41/41 MP: 4/4
  1822 | D:3      | Reached skill level 5 in Polearms
  2060 | D:3      | Reached XP level 5. HP: 37/47 MP: 5/5
  2148 | D:3      | Reached skill level 5 in Fighting
  2539 | D:1      | Bought a potion of curing for 30 gold pieces
  2539 | D:1      | Bought a potion of heal wounds for 50 gold pieces
  2781 | D:4      | Found a sand-covered staircase.
  2788 | Ossuary  | Entered an ossuary
  2863 | Ossuary  | Reached skill level 6 in Polearms
  2873 | Ossuary  | Reached XP level 6. HP: 48/56 MP: 6/6
  3484 | D:4      | Became a worshipper of Beogh the Brigand
  3484 | D:4      | Reached * piety under Beogh
  3484 | D:4      | Reached ** piety under Beogh
  3499 | D:4      | Reached skill level 7 in Polearms
  3680 | D:4      | Found a staircase to the Ecumenical Temple.
  3714 | D:4      | Reached XP level 7. HP: 43/63 MP: 7/7
  3800 | D:4      | Found a stormy altar of Qazlal.
  3801 | D:4      | Noticed a water elemental
  3801 | D:4      | Noticed an air elemental
  3801 | D:4      | Noticed a fire elemental
  3971 | D:5      | Entered Level 5 of the Dungeon
  4125 | D:5      | Reached skill level 1 in Invocations
  4195 | D:5      | Reached skill level 8 in Polearms
  4273 | D:5      | Reached XP level 8. HP: 69/71 MP: 9/9
  4448 | D:5      | Found an opulent altar of Gozag.
  4870 | D:6      | Found a burning altar of Makhleb.
  4937 | D:6      | Reached skill level 9 in Polearms
  5199 | D:6      | Found a glowing golden altar of the Shining One.
  5216 | D:6      | Reached *** piety under Beogh
  5488 | D:7      | Reached skill level 5 in Invocations
  5488 | D:7      | Reached XP level 9. HP: 24/81 MP: 12/12
  5521 | D:6      | Reached skill level 10 in Polearms
  6832 | D:8      | Reached **** piety under Beogh
  6843 | D:8      | Reached skill level 11 in Polearms
  7019 | D:8      | Reached XP level 10. HP: 42/91 MP: 15/15
  7227 | D:8      | Noticed a centaur warrior
  7245 | D:8      | Killed a centaur warrior
  7246 | D:8      | Reached skill level 12 in Polearms
  7258 | D:8      | Gained Worak as an ally
  7584 | D:8      | Reached skill level 10 in Fighting
  7913 | D:8      | Reached skill level 1 in Armour
  7913 | D:8      | Reached skill level 1 in Shields
  8505 | D:9      | Found a basalt altar of Yredelemnul.
  8613 | D:9      | Noticed Pixllover's ghost (novice HOMo)
  8614 | D:9      | Found a transporter.
  8619 | D:9      | Found a transporter.
  8707 | D:9      | Identified the +6 whip of Gluttony {freeze, rElec MP-9
                  | Int+4 Stlth+}
  8733 | D:9      | Noticed a two-headed ogre
  8741 | D:9      | Killed a two-headed ogre
  8742 | D:9      | Reached skill level 13 in Polearms
  8742 | D:9      | Reached XP level 11. HP: 81/101 MP: 17/17
  8953 | D:9      | Killed Pixllover's ghost
  8953 | D:9      | Reached ***** piety under Beogh
  9116 | D:10     | Entered Level 10 of the Dungeon
  9120 | D:10     | Found a staircase to the Lair.
  9455 | D:10     | Noticed confidenceinterval's ghost (journeyman MiFi)
  9478 | D:10     | Gained Thorok as an ally
  9578 | D:10     | Found a runed translucent gate.
  9578 | D:10     | Found a runed translucent gate.
  9578 | D:10     | Found a runed translucent gate.
 10014 | D:10     | Killed confidenceinterval's ghost
 10021 | D:10     | Slain by a centaur warrior simulacrum

Illustrated notes

Levels and vault maps discovered:
D:1:      erik_arrival_orb_chamber, layout_basic,
          shapermc_ecumenical_altar_ellora, serial_shops, shop
D:2:      layout_basic
D:3:      layout_loops_ring
D:4:      layout_loops_ring, nicolae_qazlal_style_of_elements,
          minmay_temple_entry_trees, lightli_ossuary_entry_decrepit_ruins,
          minmay_misc_feat_cross
D:5:      layout_cave_pools, mainiacjoe_overflow_catwalk,
          nicolae_houndstooth_variations
D:6:      layout_rooms, mainiacjoe_overflow_six_doors_small,
          nicolae_tso_besieged_by_evil
D:7:      layout_loops_cross
D:8:      layout_basic
D:9:      layout_rooms, mainiacjoe_overflow_tiny_flanked, gammafunk_ghost_hive,
          hangedman_abyss_or_decor_stabs, nicolae_twisty_statue_hallways
D:10:     layout_irregular_city, erik_lair_orcish_takeover, gammafunk_ghost_icy,
          kennysheep_generic_room_12

Skill      XL: |  1  2  3  4  5  6  7  8  9 10 11 |
---------------+----------------------------------+-----
Fighting       | 4 5 6 8 9 10 11 | 11.0
Polearms       | 4 5 6 7 8 9 11 13 | 13.7
Invocations    | 2 5 7 8 9 |  9.6
Armour         | 3 4 |  4.3
Shields        | 2 4 |  4.1
Dodging        | |  2.4

Action                     |  1- 3 |  4- 6 |  7- 9 | 10-12 || total
---------------------------+-------+-------+-------+-------++-------
  Melee: Spear             |   149 |   257 |    14 |       ||   420
         Dagger            |       |    68 |     4 |       ||    72
         Trident           |       |       |   387 |   199 ||   586
  Throw: Dart              |       |       |     3 |       ||     3
 Invoke: Convert to Beogh  |       |     1 |       |       ||     1
         Recall Orcish Fol |       |       |       |     7 ||     7
         Give Item to Name |       |       |       |     2 ||     2
  Evoke: Wand              |       |       |     1 |       ||     1
    Use: Potion            |       |     1 |     1 |     2 ||     4
         Scroll            |       |       |       |     6 ||     6
   Stab: Distracted        |       |       |       |     6 ||     6
 Armour: Robe              |     9 |       |       |       ||     9
         Plate armour      |    79 |   205 |   332 |   182 ||   798
  Dodge: Dodged            |    34 |    30 |    78 |    45 ||   187

Table legend: (Time is in decaauts)
 A = Elapsed time spent in this place.
 B = Non-inter-level travel time spent in this place.
 C = Inter-level travel time spent in this place.
 D = Time resting spent in this place.
 E = Time spent auto-exploring this place.
 F = Levels seen in this place.
 G = Mean time per level.
                   A        B        C        D        E       F      G
               +--------+--------+--------+--------+--------+-----+--------+
         Total |   9808 |   9072 |    736 |    811 |   6483 |  11 |  891.6 |
       Dungeon |   9388 |   8652 |    736 |    811 |   6236 |  10 |  938.8 |
       Ossuary |    419 |    419 |      0 |      0 |    247 |   1 |  419.0 |
               +--------+--------+--------+--------+--------+-----+--------+

Top non-repeatable levels by time:
     D:7: 1286 daAuts
     D:8: 1256 daAuts
     D:4: 1014 daAuts
     D:3: 960 daAuts
     D:1: 936 daAuts
    D:10: 879 daAuts
     D:5: 813 daAuts
     D:6: 774 daAuts
     D:9: 767 daAuts
     D:2: 699 daAuts
 Ossuary: 419 daAuts
